 Dungeon Crawl Stone Soup version 0.30.0-29-ga12c61a403 (webtiles) character file.

Game seed: 16598626249030063790

74 7w4c the Covered (level 4, -4/40 HPs)
             Began as a Minotaur Fighter on June 22, 2023.
             Was an Initiate of Okawaru.
             Slain by a +4 dire flail of freezing (12 damage)
             ... created by the rancor of the Wu Jian Council
             ... on level 3 of the Dungeon.
             The game lasted 00:10:16 (1470 turns).

7w4c the Covered (Minotaur Fighter)                 Turns: 1470, Time: 00:10:17

Health: -4/40      AC:  9    Str: 22    XL:     4   Next: 9%
Magic:  3/3        EV:  9    Int:  5    God:    Okawaru [......]
Gold:   71         SH:  4    Dex: 10    Spells: 3/3 levels left

rFire   . . .        a - +0 long sword
rCold   . . .        c - +0 buckler
rNeg    . . .        b - +0 scale mail
rPois   .            o - +2 hat
rElec   .            i - scarf {+Inv}
rCorr   .            (no gloves)
SInv    .            (no boots)
Will    .....        (no amulet) Stlth
                     (no ring)
HPRegen 0.26/turn    (no ring)
MPRegen 0.08/turn

%: no passive effects
@: silenced (expiring)
A: horns 2, retaliatory headbutt
a: Renounce Religion, Evoke Invisibility


You were on level 3 of the Dungeon.
You worshipped Okawaru.
Okawaru was noncommittal.
You visited 1 branch of the dungeon, and saw 3 of its levels.

You collected 71 gold pieces.

Inventory:

Hand Weapons
 a - a +0 long sword (weapon)
 n - a +0 war axe
Missiles
 m - 26 stones (quivered)
Armour
 b - a +0 scale mail (worn)
 c - a +0 buckler (worn)
 i - a scarf of invisibility (worn)
 o - a +2 hat (worn)
Jewellery
 l - a +5 ring of evasion
Scrolls
 e - a scroll of identify {unknown}
 f - a scroll of teleportation
 h - a scroll of vulnerability {unknown}
 p - a scroll of noise {unknown}
Potions
 d - a potion of might
 g - 2 potions of attraction {unknown}
 j - a potion of brilliance {unknown}
 k - a potion of mutation {unknown}


   Skills:
 + Level 4.1 Fighting
 + Level 3.5 Long Blades
 + Level 0.1 Throwing
 + Level 4.4 Armour
 + Level 4.2 Shields


You had 3 spell levels left.
You didn't know any spells.
Your spell library contained the following spells:

 Spells                   Type           Power      Damage    Failure   Level
 Apportation              Tloc           0%         N/A       86%         1


Dungeon Overview and Level Annotations

Branches:
Dungeon (3/15)

Altars:
Okawaru
Wu Jian


Innate Abilities, Weirdness & Mutations

You have a pair of horns on your head.
You reflexively headbutt those who attack you in melee.


Message History

The worm is moderately wounded.
You feel sick. The rat bites you but does no damage. The worm bites you.
You hit the worm.
The worm is moderately wounded.
You feel sick. The rat bites you but does no damage.
The worm barely misses you. You furiously retaliate!
You headbutt the worm. You hit the worm. You headbutt the worm.
You kill the worm!
Okawaru accepts your kill.
You feel sick.
You are no longer poisoned.
The rat closely misses you. You block the rat's attack.
The rat bites you but does no damage.
You slash the rat!
You kill the rat!
Okawaru accepts your kill.
Found a scroll labelled OCSOETU POJOA.
m - 26 stones (gained 4)
There are no items here.
Sifu Xiang Ba whispers: These will loosen your tongue!
A +4 rapier of speed, a +3 quarterstaff of electrocution, 2 +4 dire flails of freezing and a +0 quarterstaff of speed come into view.
There is a +4 dire flail of freezing.
There is a +4 dire flail of freezing.
Found a viscous grey potion.
The +4 dire flail of freezing hits you!
The +4 dire flail of freezing freezes you.
You block the +4 dire flail of freezing's attack.
You hit the +4 dire flail of freezing.
You headbutt the +4 dire flail of freezing.
You destroy the +4 dire flail of freezing!
That felt strangely unrewarding.
The +0 quarterstaff of speed hits you. The +4 dire flail of freezing hits you.
The +4 dire flail of freezing freezes you.
You hit the +4 rapier of speed.
The +4 rapier of speed is heavily damaged.
The +4 rapier of speed barely misses you.
You furiously retaliate!
You headbutt the +4 rapier of speed!
You destroy the +4 rapier of speed!
That felt strangely unrewarding.
The +0 quarterstaff of speed hits you!
* * * LOW HITPOINT WARNING * * *
The +4 dire flail of freezing hits you!
You die...

#... ####... ...
!...........
........... ......
.. #...# .#
##...##.###
##....@#...#
#....(((.##.###
#..............
#.......###.###
######..........##
#...##).<...........
#.<.....###..#.##..#
#...##..# #...... ?.
##.###..# #.....#.


You could see 3 dancing weapons.

Vanquished Creatures
  2 dancing weapons (D:3)
  2 adders (D:2)
  4 worms
  2 ball pythons
  6 endoplasms
  4 goblins
  3 hobgoblins
  4 jackals (D:2)
  6 kobolds
  2 quokkas (D:2)
  3 bats
  2 frilled lizards
  2 rats
42 creatures vanquished.

Notes
Turn   | Place    | Note
-------+----------+-------------------------------------------
     0 | D:1      | 7w4c the Minotaur Fighter began the quest for the Orb.
     0 | D:1      | Reached XP level 1. HP: 19/19 MP: 0/0
   460 | D:1      | Reached XP level 2. HP: 24/27 MP: 1/1
   565 | D:1      | Found a faded altar of an unknown god.
   577 | D:1      | Got Plato's Lessons on the Voyage
   578 | D:1      | Prayed at the altar of an unknown god.
   578 | D:1      | Became a worshipper of the Wu Jian Council
   578 | D:1      | Reached * piety under Wu Jian
   735 | D:2      | Reached XP level 3. HP: 33/33 MP: 2/2
   839 | D:2      | Found an iron altar of Okawaru.
   879 | D:2      | Fell from the grace of Wu Jian
   879 | D:2      | Became a worshipper of Warmaster Okawaru
  1349 | D:2      | Noticed a +3 heavy broad axe
  1349 | D:2      | Noticed a +1 glaive of speed
  1349 | D:2      | Noticed a +3 great sword of electrocution
  1349 | D:2      | Noticed a +2 great sword of electrocution
  1349 | D:2      | Noticed a +1 heavy rapier
  1414 | D:3      | Reached XP level 4. HP: 39/40 MP: 3/3
  1465 | D:3      | Noticed a +4 rapier of speed
  1465 | D:3      | Noticed a +3 quarterstaff of electrocution
  1465 | D:3      | Noticed a +4 dire flail of freezing
  1465 | D:3      | Noticed a +4 dire flail of freezing
  1465 | D:3      | Noticed a +0 quarterstaff of speed
  1469 | D:3      | Killed a +4 dire flail of freezing
  1470 | D:3      | Killed a +4 rapier of speed
  1470 | D:3      | Slain by a +4 dire flail of freezing

Illustrated notes

Levels and vault maps discovered:
D:1:      amcnicky_arrival_double_pillar, layout_loops_ring,
          shapermc_ecumenical_altar_rom_forum
D:2:      layout_loops_ring, basic_altar, dk_noncrumbling_3
D:3:      layout_loops_cross

Skill      XL: |  1  2  3 |
---------------+----------+-----
Armour         | 4 |  4.4
Shields        | 4 |  4.2
Fighting       | 4 |  4.1
Long Blades    | 3 |  3.5
Throwing       | |  0.1

Action                     |  1- 3 |  4- 6 || total
---------------------------+-------+-------++-------
  Melee: Long sword        |    86 |     9 ||    95
         Headbutt          |    10 |     3 ||    13
  Throw: Boomerang         |     2 |       ||     2
Ability: Lunge             |     5 |       ||     5
    Use: Scroll            |     3 |       ||     3
 Armour: Scale mail        |    40 |     5 ||    45
  Dodge: Dodged            |    31 |     5 ||    36
  Block: Buckler           |    17 |     3 ||    20
